 Dungeon Crawl Stone Soup version 0.21.1-1-g345015f (console) character file.

172 Homage the Sneak (level 5, -17/24 HPs)
             Began as a Spriggan Enchanter on Mar 13, 2018.
             Was a Follower of Uskayaw.
             Demolished by a two-headed ogre
             ... wielding a +0 giant spiked club
              (29 damage)
             ... on level 3 of the Dungeon.
             The game lasted 00:31:52 (4500 turns).

Homage the Sneak (Spriggan Enchanter)               Turns: 4500, Time: 00:31:52

Health: -17/24     AC:  3    Str:  4    XL:     5   Next: 27%
Magic:  7/12       EV: 18    Int: 17    God:    Uskayaw [*.....]
Gold:   105        SH:  0    Dex: 17    Spells: 6/12 levels left

rFire    . . .     SeeInvis +   a - +1 dagger
rCold    . . .     Gourm    .   (shield restricted)
rNeg     . . .     Faith    .   b - +1 robe
rPois    .         Spirit   .   (helmet restricted)
rElec    .         Reflect  .   (no cloak)
rCorr    .         Harm     .   (gloves unavailable)
MR       .....                  (boots unavailable)
Stlth    ++++......             (no amulet)
HPRegen  0.08/turn              m - ring of stealth
MPRegen  0.13/turn              (no ring)

@: very quick
A: very small, unfitting armour, see invisible, herbivore, speed 3, slow
metabolism 2
a: Stomp, Renounce Religion


You were on level 3 of the Dungeon.
You worshipped Uskayaw.
Uskayaw was noncommittal.
You were not hungry.

You visited 1 branch of the dungeon, and saw 3 of its levels.

You collected 105 gold pieces.


Innate Abilities, Weirdness & Mutations

You are very small and have problems with some larger weapons.
You are too small for most types of armour.
You have supernaturally acute eyesight. (SInv)
You are a herbivore.
You cover ground extremely quickly.
You need consume almost no food.


   Skills:
 - Level 2.0 Short Blades
 - Level 3.0 Dodging
 + Level 6.4 Stealth
 - Level 4.0 Spellcasting
 - Level 4.0 Hexes
 - Level 1.5 Ice Magic
 - Level 1.0 Invocations


You had 6 spell levels left.
You knew the following spells:

 Your Spells              Type           Power        Failure   Level  Hunger
a - Confuse               Hex            ###.....     9%          3    ###....
e - Ensorcelled Hibernat  Hex/Ice        ##....       8%          2    ##.....
Z - Corona                Hex            ###....      3%          1    None

Inventory:

Hand Weapons
 a - a +1 dagger (weapon)
Missiles
 f - 63 sling bullets
 g - 23 poisoned needles
Armour
 b - a +1 robe (worn)
Jewellery
 m - a ring of stealth (left hand)
Wands
 i - a wand of polymorph (12)
Scrolls
 h - a scroll of remove curse
Potions
 l - a potion of magic
Books
 c - a book of Maledictions

   Spells                             Type                      Level
   a - Corona                         Hexes                        1
   b - Ensorcelled Hibernation        Hexes/Ice                    2
   c - Confuse                        Hexes                        3
   d - Tukima's Dance                 Hexes                        3
   e - Dazzling Spray                 Conjuration/Hexes            3
Comestibles
 d - 4 rations


Message History

Press: ? - help, Shift-Dir - straight line, f/p - two-headed ogre
Aim: a two-headed ogre, wielding a giant spiked club and a giant club (heavily wounded, chance to defeat MR: 30%)
Okay, then.
Casting: Confuse
Confirm with . or Enter, or press ? or * to list all spells.
Aiming: Confuse
Press: ? - help, Shift-Dir - straight line, f - hobgoblin, p - two-headed ogre
Aim: a hobgoblin, wearing an animal skin (chance to defeat MR: 65%)
The hobgoblin appears confused.
Unknown command.
Unknown command.
There are monsters nearby!
There are monsters nearby!
Casting: Confuse
Confirm with . or Enter, or press ? or * to list all spells.
Okay, then.
The two-headed ogre closely misses you.
The two-headed ogre hits you with a giant club!!
Ouch! That really hurt!
You die...

..........##.######....##........
.##.....(###.#..............#####
.##.....<###.#.........##.......#
.......g.))..#..................#
.#.....#####g............#####..#
''.....................###...####
....................#.##.......##
............###Ol....##.........#
.........#### #.@....#....~~~....
.....##### #...####...~~~~~...
###### #...#.....~~...~~.. ..#
###...#._...~~.>.~~.. ..#
#.....#....)~~...~~.. ..#
#.....####...~~~~~... ###
#####........#....~~~....
#...'........##........^#
#########.###.........##.......##


You could see a two-headed ogre, a hobgoblin and a frilled lizard.

Vanquished Creatures
  2 orc wizards (D:3)
  6 adders
  A worm (D:3)
  2 dart slugs
  2 leopard geckos (D:3)
  4 orcs
  A ball python (D:2)
  2 giant cockroaches (D:2)
  9 goblins
  5 hobgoblins
  3 bats
  2 frilled lizards (D:3)
  A jackal skeleton (D:2)
  7 kobolds
  4 rats
51 creatures vanquished.

Notes
Turn   | Place    | Note
-------+----------+-------------------------------------------
     0 | D:1      | Homage the Spriggan Enchanter began the quest for the Orb.
     0 | D:1      | Reached XP level 1. HP: 9/9 MP: 5/5
   485 | D:1      | Reached skill level 5 in Stealth
   504 | D:1      | HP: 1/9 [hobgoblin (5)]
  1079 | D:2      | Reached XP level 2. HP: 7/13 MP: 6/6
  1217 | D:2      | Learned a level 2 spell: Ensorcelled Hibernation
  1693 | D:2      | Found a hide-covered altar of Uskayaw.
  1708 | D:2      | Reached skill level 3 in Spellcasting
  1742 | D:2      | Became a worshipper of Uskayaw the Reveler
  1906 | D:2      | Reached * piety under Uskayaw
  1939 | D:2      | Reached ** piety under Uskayaw
  1965 | D:2      | HP: 2/13 [poisoned by an adder]
  2350 | D:3      | Noticed a two-headed ogre
  2389 | D:2      | Reached XP level 3. HP: 12/16 MP: 5/9
  2774 | D:2      | Learned a level 3 spell: Confuse
  2986 | D:3      | HP: 2/16 [orc wizard/dagger (3)]
  3267 | D:3      | Reached skill level 1 in Ice Magic
  3267 | D:3      | Reached XP level 4. HP: 21/21 MP: 8/11
  3487 | D:3      | Reached skill level 1 in Invocations
  3598 | D:3      | Found a bloodstained altar of Trog.
  3922 | D:3      | Reached XP level 5. HP: 24/24 MP: 5/12
  4136 | D:3      | Found a deep blue altar of Sif Muna.
  4143 | D:3      | Reached skill level 6 in Stealth
  4500 | D:3      | Demolished by a two-headed ogre

Vault maps used:
D:1:      minmay_arrival_loop
D:2:      eat_drink_and_be_merry_uskayaw
D:3:      tgw_sif, trog_hazing_becter

Action                   |  1- 3 |  4- 6 || total
-------------------------+-------+-------++-------
Melee: Dagger            |    92 |    46 ||   138
 Cast: Ensorcelled Hiber |    24 |    35 ||    59
       Confuse           |       |     2 ||     2
Invok: Stomp             |       |     2 ||     2
  Use: Potion            |     2 |       ||     2
       Scroll            |       |     6 ||     6
 Stab: Sleeping          |    17 |    21 ||    38
       Distracted        |     1 |       ||     1
  Eat: Ration            |     1 |     2 ||     3
Armor: Robe              |     4 |     7 ||    11
Dodge: Dodged            |    67 |    62 ||   129
